 Dungeon Crawl Stone Soup version 0.25.1-2-g60ff931df9 (webtiles) character file.

Game seed: 17396008336771390080

7863 tempo the Thaumaturge (level 11, -2/60 HPs)
             Began as a Deep Elf Wizard on Sept 28, 2020.
             Was a Priest of Vehumet.
             Slain by a yak (11 damage)
             ... on level 11 of the Dungeon.
             The game lasted 00:41:00 (10216 turns).

tempo the Thaumaturge (Deep Elf Wizard)            Turns: 10216, Time: 00:41:00

Health: -2/60      AC:  8    Str:  4    XL:     11   Next: 2%
Magic:  30/30      EV: 11    Int: 27    God:    Vehumet [***...]
Gold:   421        SH:  0    Dex: 13    Spells: 20/36 levels left

rFire    . . .     SeeInvis .   L - +2 dagger (venom)
rCold    . . .     Gourm    .   (no shield)
rNeg     . . .     Faith    .   n - +0 leather armour
rPois    .         Spirit   .   f - +0 helmet
rElec    .         Reflect  .   (no cloak)
rCorr    .         Harm     .   O - +2 pair of gloves {archery}
MR       +....                  h - +0 pair of boots
Stlth    ++........             c - amulet of magic regeneration
HPRegen  0.20/turn              F - +4 ring of slaying
MPRegen  0.47/turn              b - +4 ring of slaying (curse)

@: no status effects
A: no striking features
a: Renounce Religion


You were on level 11 of the Dungeon.
You worshipped Vehumet.
Vehumet was most pleased with you.
You were not hungry.

You visited 2 branches of the dungeon, and saw 12 of its levels.

You collected 421 gold pieces.

Inventory:

Hand Weapons
 i - the +5 dagger of the Vestibule of Hell {drain, *Contam +Fly MR- Dex+10}
   (You took it off a big kobold on level 9 of the Dungeon)

   A truly terrible weapon, it drains the life of those it strikes.
   It affects your dexterity (+10).
   It affects your resistance to hostile enchantments.
   It lets you fly.
   It causes magical contamination when unequipped.
 L - a +2 dagger of venom (weapon)
Missiles
 j - 42 bolts
Armour
 f - a +0 helmet (worn)
 h - a +0 pair of boots (worn)
 n - a +0 leather armour (worn)
 v - a +0 kite shield
 B - a +0 pair of gloves
 D - a +2 cloak
 N - a scarf of harm
 O - a +2 pair of gloves of archery (worn)
Magical Staves
 M - an uncursed staff of earth
Jewellery
 b - a cursed +4 ring of slaying (right hand)
 c - an amulet of magic regeneration (around neck)
 k - an uncursed ring of protection from cold
 y - an uncursed ring of stealth
 F - a +4 ring of slaying (left hand)
Wands
 s - a wand of random effects (44)
 C - a wand of disintegration (11)
 G - a wand of acid (8)
 I - a wand of digging (9)
 Q - a wand of polymorph (10)
 R - a wand of flame (12)
Scrolls
 a - 7 scrolls of identify
 e - 2 scrolls of teleportation
 g - 6 scrolls of remove curse {unknown}
 m - 2 scrolls of random uselessness {unknown}
 o - 2 scrolls of magic mapping {unknown}
 p - 3 scrolls of blinking {unknown}
 r - 2 scrolls of enchant weapon {unknown}
 A - 2 scrolls of amnesia {unknown}
 E - 4 scrolls of enchant armour {unknown}
Potions
 l - 2 potions of flight
 q - a potion of magic {unknown}
 t - 5 potions of brilliance {unknown}
 u - a potion of stabbing {unknown}
 w - a potion of degeneration {unknown}
 x - a potion of ambrosia {unknown}
 z - a potion of invisibility {unknown}
 H - 3 potions of lignification {unknown}
 J - 3 potions of curing {unknown}
 K - 2 potions of heal wounds {unknown}
 P - a potion of mutation {unknown}
Comestibles
 d - 20 rations


   Skills:
 - Level 3.2 Fighting
 + Level 2.8 Armour
 - Level 2.4 Dodging
 - Level 2.4 Stealth
 - Level 3.2 Shields
 * Level 13.1 Spellcasting
 * Level 10.7 Conjurations
 - Level 1.1 Summonings
 - Level 1.1 Translocations
 + Level 6.9 Fire Magic
 - Level 1.0 Air Magic
 - Level 1.4 Poison Magic
 - Level 1.0 Evocations


You had 20 spell levels left.
You knew the following spells:

 Your Spells              Type           Power        Failure   Level  Hunger
a - Magic Dart            Conj           ####         1%          1    None
b - Mephitic Cloud        Conj/Pois/Air  #####...     1%          3    None
c - Call Imp              Summ           ###.....     5%          2    None
d - Blink                 Tloc           N/A          5%          2    None
e - Conjure Flame         Conj/Fire      ######..     1%          3    None
f - Foxfire               Conj/Fire      ####         1%          1    None
g - Summon Lightning Spi  Summ/Air       ###.....     34%         4    None

Your spell library contained the following spells:

 Spells                   Type           Power        Failure   Level  Hunger
 Frozen Ramparts          Ice            ###...       4%          3    None
 Summon Small Mammal      Summ           ###.         3%          1    None
 Slow                     Hex            ###.....     9%          2    None
 Call Canine Familiar     Summ           ###.....     11%         3    None
 Summon Guardian Golem    Hex/Summ       ###.....     13%         3    None
 Summon Ice Beast         Ice/Summ       ###.....     38%         4    None


Dungeon Overview and Level Annotations

Branches:
Dungeon (11/15)            Temple (1/1) D:6
   Lair: D:8-11         Orc: D:9-12

Altars:
Ashenzari
Dithmenos
Kikubaaqudgha
Makhleb
Qazlal
Sif Muna
Trog
Vehumet
Wu Jian
Yredelemnul

Shops:
D:5 }   D:7 =


Message History

You are no longer poisoned.
You hear a bellow!
The yak is engulfed in noxious fumes.
Unknown command.
Unknown command.
The yak is engulfed in noxious fumes.
The yak appears confused.
Found 2 scrolls of identify.
The hippogriff is engulfed in noxious fumes.
Found 5 gold pieces.
Found 16 gold pieces.
A yak comes into view.
The yak bellows!
The yak seems less confused.
You see here a scroll of identify.
The yak bellows!
You hear a bellow!
The howler monkey howls!
You hear an angry buzzing noise.
The howler monkey hoots and howls with incredible vigour!
The yak bellows!
The yak gores you!
You die...

##.≈≈# #..≈8# #..≈≈#
#...≈# #.#.Z##
##########Y###.##
..?....Z.Z.# #.Y##
#####.#####.$#.Y.# #.#
..#..@# #.# #..Y#.#...#
#.###.#####..hy#......#
#.!..........#.#.....#
#.###H#####..#.?.#.....#
###.#####..#...#.....#
#..........#...#.....#
#...........#.# ......
#............#


You could see 3 yaks, a howler monkey, a killer bee and a bullfrog skeleton.

Vanquished Creatures
  The ghost of GreatBuffaloMozz the Covert, a novice HuIE of Vehumet (D:9)
  A kobold demonologist (D:9)
  A hippogriff (D:9)
  6 yaks
  A human (D:7)
  3 hogs (D:7)
  Menkaure (D:6)
  2 water moccasins
  An ice beast (D:7)
  A sky beast (D:8)
  An orc warrior (D:7)
  3 ogres
  4 centaurs
  10 big kobolds
  4 bullfrogs
  5 scorpions
  10 killer bees
  5 howler monkeys
  6 wights
  4 crimson imps
  A quasit (D:8)
  A centaur zombie (D:5)
  A hound (D:5)
  2 jellies (D:9)
  A bullfrog skeleton (D:7)
  6 orc priests
  A centaur skeleton (D:6)
  Crazy Yiuf (D:7)
  2 iguanas
  Terence (D:3)
  6 orc wizards
  4 worker ants
  A hound zombie (D:10)
  A worker ant zombie (D:6)
  A howler monkey skeleton (D:7)
  6 adders
  6 gnolls
  5 shadow imps
  An ooze (D:5)
  An adder zombie (D:9)
  5 worms
  5 dart slugs
  4 leopard geckos
  24 orcs
  2 ball pythons
  3 giant cockroaches
  7 goblins
  7 hobgoblins
  18 jackals
  15 kobolds
  3 quokkas
  5 bats
  7 frilled lizards
  2 jackal zombies (D:5)
  A leopard gecko skeleton (D:4)
  A quokka skeleton (D:2)
  9 rats
237 creatures vanquished.

Vanquished Creatures (collateral kills)
  Erolcha (D:9)
  A two-headed ogre (D:10)
  A kobold demonologist (D:9)
  A yak (D:10)
  A hungry ghost (D:10)
  An orc warrior (D:10)
  2 killer bees (D:11)
  An orc wizard (D:10)
  An adder (D:11)
  2 orcs (D:10)
12 creatures vanquished.

Vanquished Creatures (others)
  A killer bee (D:11)
  130 foxfires
  3 fungi (D:9)
  A plant (D:9)
135 creatures vanquished.

Grand Total: 384 creatures vanquished

Notes
Turn   | Place    | Note
-------+----------+-------------------------------------------
     0 | D:1      | tempo the Deep Elf Wizard began the quest for the Orb.
     0 | D:1      | Reached XP level 1. HP: 10/10 MP: 7/7
    99 | D:1      | Reached XP level 2. HP: 15/15 MP: 7/9
   343 | D:1      | Reached skill level 5 in Spellcasting
   449 | D:1      | Reached XP level 3. HP: 20/20 MP: 9/11
   454 | D:1      | Learned a level 3 spell: Mephitic Cloud
   457 | D:1      | Learned a level 2 spell: Call Imp
   460 | D:1      | Learned a level 2 spell: Blink
   464 | D:1      | Learned a level 3 spell: Conjure Flame
  1088 | D:2      | Reached skill level 1 in Fighting
  1117 | D:2      | You fall into a shaft and drop 2 floors!
  1206 | D:4      | Reached skill level 1 in Armour
  1261 | D:4      | Found an ornate altar of the Wu Jian Council.
  1308 | D:3      | Reached XP level 4. HP: 25/25 MP: 8/13
  1755 | D:3      | Noticed Terence
  1762 | D:3      | Killed Terence
  1762 | D:3      | Reached skill level 1 in Fire Magic
  1762 | D:3      | Reached skill level 1 in Air Magic
  1762 | D:3      | Reached XP level 5. HP: 29/29 MP: 13/15
  1855 | D:3      | Reached skill level 6 in Spellcasting
  2127 | D:3      | Noticed a moth of wrath
  2130 | D:3      | Found a bloodstained altar of Trog.
  2470 | D:4      | Reached skill level 1 in Poison Magic
  2637 | D:4      | Noticed a centaur
  2647 | D:4      | Killed a centaur
  2647 | D:4      | Reached XP level 6. HP: 26/34 MP: 15/17
  2937 | D:5      | Entered Level 5 of the Dungeon
  3129 | D:5      | Reached skill level 7 in Spellcasting
  3356 | D:5      | Reached skill level 1 in Evocations
  3368 | D:5      | Reached XP level 7. HP: 39/39 MP: 10/19
  3735 | D:5      | Reached skill level 5 in Conjurations
  4035 | D:5      | Found Zobryopt's Gadget Shop.
  4233 | D:6      | Reached skill level 8 in Spellcasting
  4713 | D:6      | Noticed Menkaure
  4729 | D:6      | Killed Menkaure
  4729 | D:6      | Reached XP level 8. HP: 44/44 MP: 15/22
  4870 | D:6      | Found a staircase to the Ecumenical Temple.
  4899 | Temple   | Entered the Ecumenical Temple
  4908 | Temple   | Became a worshipper of Vehumet
  5389 | D:7      | Found Magi's Jewellery Shop.
  5554 | D:7      | Reached skill level 9 in Spellcasting
  5746 | D:7      | Reached skill level 1 in Shields
  5755 | D:7      | Reached skill level 10 in Spellcasting
  5755 | D:7      | Reached XP level 9. HP: 36/48 MP: 23/25
  5925 | D:7      | Found a burning altar of Makhleb.
  6068 | D:7      | Found a stormy altar of Qazlal.
  6133 | D:7      | Reached * piety under Vehumet
  6133 | D:7      | Offered knowledge of Foxfire by Vehumet.
  6136 | D:7      | Learned a level 1 spell: Foxfire
  6568 | D:7      | Found a runed translucent door.
  6569 | D:7      | Noticed Crazy Yiuf
  6579 | D:7      | Killed Crazy Yiuf
  7035 | D:8      | Found a shadowy altar of Dithmenos.
  7041 | D:8      | Found a shimmering blue altar of Sif Muna.
  7224 | D:7      | Reached skill level 11 in Spellcasting
  7224 | D:7      | Reached skill level 5 in Fire Magic
  7539 | D:9      | Noticed Erolcha
  7605 | D:9      | Killed Erolcha
  7605 | D:9      | Reached XP level 10. HP: 20/53 MP: 18/27
  7868 | D:9      | Found a runed translucent gate.
  7869 | D:9      | Found a runed translucent gate.
  7869 | D:9      | Found a runed translucent gate.
  7869 | D:9      | Noticed GreatBuffaloMozz's ghost (novice HuIE)
  7870 | D:9      | Identified the +5 dagger of the Vestibule of Hell {drain,
                  | *Contam +Fly MR- Dex+10}
  8034 | D:9      | Found a basalt altar of Yredelemnul.
  8120 | D:9      | Offered knowledge of Sandblast by Vehumet.
  8464 | D:9      | Learned a level 4 spell: Summon Lightning Spire
  8519 | D:9      | Reached ** piety under Vehumet
  8523 | D:9      | Reached skill level 12 in Spellcasting
  8723 | D:9      | Killed GreatBuffaloMozz's ghost
  8723 | D:9      | Reached skill level 10 in Conjurations
  8873 | D:10     | Entered Level 10 of the Dungeon
  8954 | D:10     | Noticed a two-headed ogre
  8964 | D:10     | Killed a two-headed ogre
  9828 | D:10     | Offered knowledge of Frozen Ramparts by Vehumet.
  9828 | D:10     | Reached skill level 13 in Spellcasting
 10142 | D:11     | Reached *** piety under Vehumet
 10144 | D:11     | Reached XP level 11. HP: 41/60 MP: 30/30
 10152 | D:11     | Noticed a red ugly thing
 10182 | D:11     | Noticed a cyan ugly thing
 10216 | D:11     | Slain by a yak

Illustrated notes

Levels and vault maps discovered:
D:1:      shiori_shiawase, layout_rooms
D:2:      layout_loops_ring
D:3:      wander_river, layout_loops_corners, tgw_trog, uniq_terence
D:4:      layout_cave_pools, kennysheep_mini, first_ration
D:5:      layout_basic, serial_shops, shop
D:6:      layout_loops_corners, temple_pool_b, uniq_menkaure
D:7:      layout_loops_ring, nicolae_qazlal_style_of_elements,
          lemuel_coloured_pillars_altar, serial_shops, shop, grunt_livestock,
          uniq_crazy_yiuf_cottage
D:8:      layout_basic, chequers_temple_overflow_statue_of_worship
D:9:      layout_long_grid, yredelemnul_altar_generic,
          gammafunk_ghost_nasty_kobolds, uniq_erolcha
D:10:     layout_irregular_city
D:11:     layout_loops_ring, david_lair_shrubbed, serial_shops,
          nicolae_shop_stone, ebering_dispersal_statue_hall,
          nicolae_twisting_strands, st_stairs_3, moated_statue
Temple:   nicolae_temple_elliptical

Skill      XL: |  1  2  3  4  5  6  7  8  9 10 |
---------------+-------------------------------+-----
Spellcasting   | 5 6 7 8 10 11 13 | 13.1
Conjurations   | 2 3 4 5 7 9 10 | 10.7
Fighting       | 1 2 3 |  3.2
Armour         | 1 2 |  2.8
Fire Magic     | 1 2 4 5 6 |  6.9
Air Magic      | 1 |  1.0
Poison Magic   | 1 |  1.4
Evocations     | 1 |  1.0
Shields        | 1 3 |  3.2
Dodging        | |  2.4
Stealth        | |  2.4
Summonings     | |  1.1
Translocations | |  1.1

Action                   |  1- 3 |  4- 6 |  7- 9 | 10-12 || total
-------------------------+-------+-------+-------+-------++-------
Melee: Unarmed           |     6 |       |       |       ||     6
       Dagger            |     9 |    58 |   112 |    75 ||   254
 Cast: Magic Dart        |    99 |    83 |   170 |    39 ||   391
       Mephitic Cloud    |     1 |    10 |    21 |    32 ||    64
       Conjure Flame     |       |     2 |    16 |    10 ||    28
       Blink             |       |       |     2 |     4 ||     6
       Call Imp          |       |       |     8 |    12 ||    20
       Foxfire           |       |       |    25 |    44 ||    69
       Summon Lightning  |       |       |       |     4 ||     4
  Use: Scroll            |       |       |       |     2 ||     2
 Stab: Sleeping          |     1 |     1 |       |       ||     2
       Confused          |       |     4 |    12 |     8 ||    24
  Eat: Chunk             |     1 |     6 |    13 |     5 ||    25
       Ration            |       |       |       |     1 ||     1
Armor: Robe              |     9 |       |       |       ||     9
       Leather armour    |       |    16 |    34 |    42 ||    92
Dodge: Dodged            |    35 |    34 |    63 |    78 ||   210
